AoeStats
← dr Kurwa mać i do przodu

Arena

510538344Analyzed
4v4 RM · 2d ago on Oct 1, 2026· 48m 21s· 8 players
Game mode
Random Map
Map size
Large (8 player)
Population
200
Speed
Normal
Resources
Standard
Victory
Conquest
Starting age
Dark Age
Ending age
Imperial Age
RankedLock teamsTeams togetherTeam positionsShared explorationLock speedFull tech treeHidden civsTurbo modeCheats
Victory
Defeat
🇬🇧 Varangians · United Kingdom
1107
+16
🇪🇸 Teutons · Spain
1085
+17
🇧🇪 Mongols · Belgium
1058
+18
1053
+17
🇹🇼 Khmer · Taiwan
1127
-18
🇹🇼 Turks · Taiwan
1090
-17
🇨🇳 Celts · China
1085
-17
🇮🇩 Italians · Indonesia
1078
-16
ky21431
13:06 Feudal Age
14:46 Double-Bit Axe
14:55 Gold Mining
17:36 Castle Age
22:00 Imperial Age
30:45 Loom
33:00 Horse Collar
46:23 Fortified Wall
高希英娜
10:47 Feudal Age
14:31 Castle Age
12:38 Double-Bit Axe
13:09 Horse Collar
15:30 Bow Saw
15:42 Heavy Plow
21:32 Wheelbarrow
21:25 Gold Mining
23:58 Gold Shaft Mining
24:15 Stone Mining
25:14 Fortified Wall
28:37 Imperial Age
25:54 Loom
25:47 Pikeman
26:31 Scale Mail Armor
27:05 Forging
28:40 Iron Casting
28:50 Chain Mail Armor
29:10 Hand Cart
28:44 Capped Ram
28:50 Man-at-Arms
28:56 Halberdier
31:15 Plate Mail Armor
30:33 Siege Ram
32:54 Fletching
34:21 Blast Furnace
33:39 Furor Celtica
34:43 Bodkin Arrow
34:26 Heavy Scorpion
36:45 Chemistry
38:44 Conscription
43:03 Gambesons
44:01 Hoardings
雨""沉
9:32 Loom
11:17 Feudal Age
14:26 Castle Age
12:20 Double-Bit Axe
13:16 Horse Collar
23:01 Gold Mining
26:12 Heavy Plow
26:27 Scale Barding Armor
27:54 Forging
28:38 Bloodlines
30:16 Chain Barding Armor
30:47 Wheelbarrow
35:50 Gold Shaft Mining
37:07 Stone Mining
40:31 Imperial Age
39:41 Husbandry
40:50 Iron Casting
42:24 Hand Cart
42:33 Elite Battle Elephant
43:17 Town Watch
44:25 Stone Shaft Mining
45:14 Tusk Swords
46:13 Plate Barding Armor
46:40 Blast Furnace
Great Gali Djowo
dr Kurwa mać i do przodu
12:32 Feudal Age
16:22 Castle Age
14:11 Double-Bit Axe
14:09 Horse Collar
15:42 Wheelbarrow
17:08 Bow Saw
17:08 Heavy Plow
24:37 Loom
25:12 Hand Cart
29:41 Imperial Age
27:59 Bloodlines
27:50 Husbandry
27:58 Scale Barding Armor
28:40 Forging
29:30 Chain Barding Armor
29:21 Cavalier
31:20 Plate Barding Armor
34:00 Savar
34:36 Heavy Camel Rider
39:03 Iron Casting
39:34 Scale Mail Armor
39:08 Light Cavalry
40:41 Squires
40:36 Pikeman
42:06 Halberdier
43:19 Masonry
45:44 Gambesons
pablov02
11:29 Feudal Age
15:34 Castle Age
14:50 Loom
14:59 Stone Mining
14:56 Double-Bit Axe
15:26 Horse Collar
17:07 Bow Saw
22:40 Gold Mining
26:18 Wheelbarrow
29:56 Imperial Age
28:24 Bloodlines
28:27 Forging
28:19 Scale Mail Armor
29:03 Pikeman
29:44 Squires
29:30 Gambesons
30:04 Cavalier
30:24 Halberdier
34:36 Chain Mail Armor
34:57 Iron Casting
35:07 Paladin
36:14 Man-at-Arms
40:11 Blast Furnace
39:42 Plate Mail Armor
40:16 Scale Barding Armor
41:53 Two-Man Saw
42:16 Chemistry
45:04 Chain Barding Armor
46:14 Heavy Plow
46:18 Caravan
45:58 Long Swordsman
46:24 Arson
47:00 Hand Cart
47:26 Stone Shaft Mining
46:54 Two-Handed Swordsman
Toonzy
2:01 Loom
9:14 Feudal Age
9:42 Double-Bit Axe
16:30 Castle Age
15:17 Town Watch
16:19 Stone Mining
20:04 Horse Collar
21:02 Stone Shaft Mining
23:59 Wheelbarrow
26:37 Padded Archer Armor
27:55 Husbandry
28:47 Bow Saw
29:10 Bloodlines
29:18 Heavy Plow
29:11 Light Cavalry
34:45 Fletching
35:11 Leather Archer Armor
34:52 Gold Mining
35:48 Nomads
39:31 Imperial Age
37:19 Hand Cart
37:53 Fortified Wall
38:43 Fervor
39:33 Gold Shaft Mining
40:27 Masonry
39:49 Onager
43:29 Drill
43:29 Conscription
43:47 Siege Onager
46:49 Town Patrol
R.A.G.
10:11 Feudal Age
11:08 Horse Collar
11:40 Double-Bit Axe
13:42 Wheelbarrow
17:52 Castle Age
16:07 Arson
16:40 Scale Mail Armor
18:41 Gold Mining
20:08 Forging
21:05 Bow Saw
21:00 Heavy Plow
24:11 Stone Mining
33:59 Husbandry
34:11 Bloodlines
34:22 Scale Barding Armor
40:14 Fletching
40:25 Padded Archer Armor
44:58 Ballistics
44:43 Bodkin Arrow
45:03 Leather Archer Armor
45:24 Iron Casting
45:11 Chain Barding Armor
47:51 Elite Skirmisher
Connection lost

Rejoining the realm…

Still unreachable

The connection could not be restored.

Session expired

The server has moved on; the page needs a fresh start.